 Dungeon Crawl Stone Soup version 0.25-a0-576-g50b708a4c4 (webtiles) character file.

Game seed: 7188068257613889967, levelgen mode: deterministic

2234 Flugslaktarn the Cleaver (level 9, -2/121 HPs)
             Began as a Deep Dwarf Fighter on Mar 1, 2020.
             Succumbed to a killer bee's poison
             ... on level 7 of the Dungeon.
             The game lasted 00:02:09 (3025 turns).

Flugslaktarn the Cleaver (Deep Dwarf Fighter)       Turns: 3025, Time: 00:02:10

Health: -2/121     AC: 13    Str: 23    XL:     9   Next: 14%
Magic:  6/6        EV:  6    Int:  9    God:
Gold:   208        SH: 11    Dex: 12    Spells: 8/8 levels left

rFire    + . .     SeeInvis .   a - +0 war axe
rCold    . . .     Gourm    .   c - +0 kite shield
rNeg     . . .     Faith    .   o - +0 chain mail
rPois    .         Spirit   .   n - +0 helmet
rElec    .         Reflect  .   (no cloak)
rCorr    .         Harm     .   (no gloves)
MR       +....                  (no boots)
Stlth    ..........             (no amulet)
HPRegen  0.00/turn              (no ring)
MPRegen  0.10/turn              (no ring)

@: brilliant, berserking, lethally poisoned (-2 -> -22), stab, non-regenerating,
very quick
A: damage resistance, heal wounds, slimy green scales 1, fire resistance 1,
sense surroundings 2, no regeneration
a: Heal Wounds


You were on level 7 of the Dungeon.
You were not hungry.

You visited 2 branches of the dungeon, and saw 8 of its levels.

You collected 208 gold pieces.

Inventory:

Hand Weapons
 a - a +0 war axe (weapon)
 b - a +0 hand axe of holy wrath
   (You took it off an orc on level 4 of the Dungeon)
Armour
 c - a +0 kite shield (worn)
 n - a +0 helmet (worn)
   (You took it off Robin on level 3 of the Dungeon)
 o - a +0 chain mail (worn)
   (You took it off an orc on level 4 of the Dungeon)
Jewellery
 q - an uncursed ring of poison resistance {unknown}
   (You found it on level 4 of the Dungeon)
 r - an uncursed ring of resist corrosion {unknown}
   (You found it on level 5 of the Dungeon)
Scrolls
 f - a scroll of enchant weapon {unknown}
 g - a scroll of enchant armour {unknown}
 i - 2 scrolls of remove curse {unknown}
 k - 3 scrolls of fog {unknown}
 l - 2 scrolls of fear {unknown}
 m - 4 scrolls of identify {unknown}
 t - 5 scrolls of teleportation
 v - a scroll of random uselessness {unknown}
Potions
 d - a potion of might
 h - a potion of heal wounds {unknown}
 j - a potion of mutation
 p - a potion of brilliance
 w - a potion of ambrosia {unknown}
Comestibles
 e - 15 rations
 x - 3 chunks of flesh


   Skills:
 + Level 5.6 Fighting
 * Level 8.7 Axes
 + Level 6.8 Armour
 + Level 6.8 Shields


You had 8 spell levels left.
You didn't know any spells.
Your spell library was empty.

Dungeon Overview and Level Annotations

Branches:
Dungeon (7/15)             Temple (1/1) D:5

Altars:
Ashenzari
Dithmenos
Elyvilon
Gozag
Hepliaklqana
Nemelex Xobeh
Okawaru
Ru
Sif Muna
Trog
Uskayaw
Wu Jian
Xom
Zin
The Shining One

Shops:
D:4 }


Innate Abilities, Weirdness & Mutations

You are resistant to damage.
You can heal yourself by infusing magical energy.
You passively map the area around you.
You do not regenerate.
You are partially covered in slimy green scales. (AC +2)
Your flesh is heat resistant. (rF+)


Message History

You barely miss the killer bee.
The killer bee is almost dead.
You miss the killer bee. You slash the killer bee!
You kill the killer bee!
You miss the killer bee.
* * * LOW HITPOINT WARNING * * *
You feel very sick. You block the killer bee's attack.
The killer bee stings you but does no damage.
You block the killer bee's attack. x2; The killer bee stings you.
You slice the killer bee!!
You kill the killer bee!
You closely miss the killer bee. You miss the killer bee.
* * * LOW HITPOINT WARNING * * *
You feel sick. The killer bee barely misses you.
You block the killer bee's attack. x2
You slash the iguana!
You kill the iguana!
You miss the killer bee. You closely miss the killer bee.
You die...

* *#.# #.####...###.,, ,
#.# #............ , #.#
##..........., ,* #.#
#............,,, #.#
#............ ,, #.#
#............ * ##.#
#....>).$....
#######..#####y.y.........
*
#....##.###...†@..........
, ,,
#..(.##.....####.....#....
* #........#####
######.....*, *
#............. , .....,, ,
#..........#.. ##### *
#............#*** *
#............# **
#..........#... * ,,, , ,,
#####......#...,+,, * , ,


You could see 2 killer bees.

Vanquished Creatures
  Maggie (D:6)
  Grinder (D:3)
  An ice beast (D:6)
  A phantom (D:4)
  5 ogres
  2 bullfrogs (D:6)
  3 killer bees (D:7)
  2 howler monkeys
  2 crimson imps (D:6)
  2 bullfrog zombies
  4 orc priests
  A bullfrog skeleton (D:5)
  A hound (D:7)
  5 iguanas
  Terence (D:2)
  4 orc wizards
  7 worker ants
  Robin (D:3)
  4 adders
  An adder zombie (D:5)
  An adder skeleton (D:6)
  A dart slug (D:1)
  3 leopard geckos
  16 orcs
  A ball python (D:2)
  2 bats
  2 giant cockroaches
  4 hobgoblins (D:3)
  2 jackals (D:5)
  A quokka (D:6)
  A frilled lizard (D:4)
  8 goblins
  A kobold (D:1)
  A quokka skeleton (D:4)
  2 rats
95 creatures vanquished.

Notes
Turn   | Place    | Note
-------+----------+-------------------------------------------
     0 | D:1      | Flugslaktarn the Deep Dwarf Fighter began the quest for the
                  | Orb.
     0 | D:1      | Reached XP level 1. HP: 20/20 MP: 1/1
   172 | D:2      | Reached XP level 2. HP: 18/27 MP: 2/2
   192 | D:2      | Noticed Terence
   210 | D:2      | Killed Terence
   210 | D:2      | Reached skill level 3 in Axes
   210 | D:2      | Reached XP level 3. HP: 14/34 MP: 3/3
   218 | D:3      | Noticed Grinder
   220 | D:3      | Paralysed by Grinder for 3 turns
   236 | D:3      | Found a white marble altar of Elyvilon.
   245 | D:3      | Paralysed by Grinder for 2 turns
   265 | D:3      | Killed Grinder
   265 | D:3      | Reached skill level 4 in Axes
   265 | D:3      | Reached XP level 4. HP: 28/42 MP: 4/4
   265 | D:3      | Reached XP level 5. HP: 33/49 MP: 5/5
   476 | D:3      | Noticed Robin
   511 | D:3      | Killed Robin
   655 | D:4      | Reached XP level 6. HP: 50/57 MP: 6/6
   708 | D:4      | Reached skill level 5 in Axes
   739 | D:4      | Reached XP level 7. HP: 43/64 MP: 6/6
   760 | D:4      | Found Dais's Gadget Emporium.
   880 | D:4      | Reached skill level 5 in Shields
   925 | D:4      | Reached skill level 6 in Axes
   925 | D:4      | Reached skill level 5 in Armour
  1210 | D:4      | Found a shattered altar of Ashenzari.
  1479 | D:5      | Entered Level 5 of the Dungeon
  1479 | D:5      | Found a shimmering altar of Xom.
  1540 | D:5      | Reached XP level 8. HP: 60/73 MP: 5/5
  1589 | D:5      | Reached skill level 7 in Axes
  1825 | D:5      | Found a staircase to the Ecumenical Temple.
  1843 | Temple   | Entered the Ecumenical Temple
  2368 | D:6      | Reached skill level 5 in Fighting
  2505 | D:6      | Noticed Maggie
  2526 | D:6      | Killed Maggie
  2526 | D:6      | Reached skill level 8 in Axes
  2970 | D:7      | Gained mutation: You passively map the area around you.
                  | [Deep Dwarf growth]
  2970 | D:7      | Reached XP level 9. HP: 56/81 MP: 6/6
  3018 | D:7      | Gained mutation: You are partially covered in slimy green
                  | scales. (AC +2) [potion of mutation]
  3018 | D:7      | Gained mutation: Your flesh is heat resistant. (rF+)
                  | [potion of mutation]
  3022 | D:7      | HP: 6/121 [poisoned by a killer bee]
  3024 | D:7      | HP: 1/121 [poisoned by a killer bee]
  3025 | D:7      | Succumbed to a killer bee's poison

Levels and vault maps discovered:
D:1:      dpeg_arrival_shelter, layout_loops_ring
D:2:      layout_loops_cross, minmay_splitting_lines, grunt_decor_arrowhead,
          uniq_crazy_yiuf_cottage, uniq_terence
D:3:      layout_loops_ring, elyvilon_altar_5, lemuel_doored_altar,
          uniq_grinder, uniq_robin
D:4:      layout_gridville, serial_shops, shop,
          eino_small_chamber_without_monster, ashenzari_altar_1
D:5:      layout_rooms, overflow_temple_1_default,
          minmay_temple_entry_offerings, first_ration, lemuel_flamethrower_1
D:6:      layout_basic, uniq_maggie
D:7:      layout_rooms, slow_altar_2, marbit_many_paths
Temple:   oiseaux_autumnal_temple

Skill      XL: |  1  2  3  4  5  6  7  8 |
---------------+-------------------------+-----
Fighting       | 3 4 5 |  5.6
Axes           | 3 4 5 6 8 |  8.7
Armour         | 4 5 6 |  6.8
Shields        | 4 5 6 |  6.8

Action                   |  1- 3 |  4- 6 |  7- 9 || total
-------------------------+-------+-------+-------++-------
Melee: War axe           |    65 |    84 |   251 ||   400
 Abil: Heal Wounds       |     3 |     4 |    10 ||    17
  Use: Scroll            |       |     2 |       ||     2
       Potion            |       |       |     4 ||     4
  Eat: Chunk             |       |       |     4 ||     4
       Ration            |       |       |     1 ||     1
Armor: Scale mail        |    25 |    27 |       ||    52
       Chain mail        |       |    16 |   176 ||   192
Dodge: Dodged            |    18 |    22 |    81 ||   121
Block: Kite shield       |    39 |    53 |   186 ||   278

Table legend:
 A = Non-vault XP
 B = Vault XP
 C = Vault XP percentage of total XP
 D = Non-vault monster count
 E = Vault monster count
 F = Vault count percentage of total count
                 A         B        C        D         E       F
            +---------+---------+-------+---------+---------+-------
      Total |    2475 |     717 |  22.5 |      81 |      14 |  14.7
            +---------+---------+-------+---------+---------+-------
        D:1 |       9 |       0 |   0.0 |       5 |       0 |   0.0
        D:2 |      15 |      36 |  70.6 |       2 |       1 |  33.3
        D:3 |      11 |     296 |  96.4 |       5 |      12 |  70.6
        D:4 |     915 |       0 |   0.0 |      31 |       0 |   0.0
        D:5 |     530 |       0 |   0.0 |      20 |       0 |   0.0
        D:6 |     537 |     385 |  41.8 |       9 |       1 |  10.0
        D:7 |     458 |       0 |   0.0 |       9 |       0 |   0.0
            +---------+---------+-------+---------+---------+-------
